 Dungeon Crawl Stone Soup version 0.17-a0-377-gdd46233 (console) character file.

47 hhkb the Twirler (level 3, 0/29 HPs)
             Began as a Ghoul Gladiator on Apr 2, 2015.
             Slain by an adder (5 damage)
             ... on level 2 of the Dungeon.
             The game lasted 00:02:09 (989 turns).

hhkb the Twirler (Ghoul Gladiator)                   Turns: 989, Time: 00:02:09

Health: 0/29       AC:  4    Str: 18    XL:     3   Next: 70%
Magic:  2/2        EV: 12    Int:  4    God:
Gold:   65         SH:  0    Dex:  9    Spells: 0 memorised, 2 levels left

rFire  . . .     SeeInvis .     a - +0 quarterstaff
rCold  + . .     Clarity  .     b - +0 leather armour
rNeg   + + +     SustAb   .     (no shield)
rPois  ∞         Gourm    .     c - +0 helmet
rElec  .         Spirit   .     (no cloak)
rCorr  .         Warding  .     (no gloves)
rMut   .         Stasis   .     (no boots)
MR     .....                    (no amulet)
Stlth  +.........               (no ring)
                                (no ring)

@: rotting, not resistant to hostile enchantments, very unstealthy
A: rotting body, claws 1, carnivore 3, cold resistance 1, negative energy
resistance 3, slow healing 1, torment resistance, unbreathing
a: no special abilities


You were on level 2 of the Dungeon.
You were not hungry.

You visited 1 branch of the dungeon, and saw 2 of its levels.

You collected 65 gold pieces.

Inventory:

Hand weapons
 a - a +0 quarterstaff (weapon)
Missiles
 d - 3 throwing nets {=f, !d}
 i - 53 stones (quivered)
Armour
 b - a +0 leather armour (worn)
 c - a +0 helmet (worn)
Jewellery
 n - an uncursed ring of flight {unknown}
   (You found it on level 2 of the Dungeon)
Scrolls
 e - a scroll of teleportation
 g - a scroll of remove curse
 j - a scroll of blinking {!r}
Potions
 h - a potion of might {unknown}
 k - 2 potions of curing {unknown}
 l - 2 potions of heal wounds {unknown}
 m - a potion of mutation {unknown}
Comestibles
 f - 3 meat rations {@e2}
 o - a slice of pizza


   Skills:
 - Level 2.1 Fighting
 + Level 4.1 Staves
 - Level 1.7 Throwing
 - Level 2.6 Dodging


You had 2 spell levels left.
You didn't know any spells.

Dungeon Overview and Level Annotations

Branches:
Dungeon (2/15)

Altars:


Innate Abilities, Weirdness & Mutations

Your body is rotting away.
You thrive on raw meat.
You are immune to poison.
You have sharp fingernails.
You are carnivorous and can eat meat at any time.
Your flesh is cold resistant.
You are immune to negative energy.
You heal slowly when monsters are visible.
You are immune to unholy pain and torment.
You can survive without breathing.


Message History

No target in view!
No target in view!
No target in view!
h - a fuming clear potion You closely miss the rat.
There are no items here.
You hit the rat but do no damage. The rat barely misses you.
You barely miss the rat. The rat bites you but does no damage.
You closely miss the rat. The rat barely misses you.
The rat closely misses you.
You barely miss the rat. The rat closely misses you.
You closely miss the rat. The rat bites you but does no damage.
You hit the rat.
You kill the rat!
No target in view!
No target in view!
No target in view!
You may need something to eat soon, looking for food.
You see here a rat corpse.
Autochopping corpse.
You butcher the rat corpse.
p - a chunk of flesh {@w0} You enter the shallow water.
Moving in this stuff is going to be slow.
A worm comes into view.
A worm is nearby!
A worm is nearby!
A worm is nearby!
Aim: a worm You throw a stone.
The stone hits the worm.
You sock the worm! The worm barely misses you.
You hit the worm but do no damage. The worm barely misses you.
You barely miss the worm. You sock the worm! The worm closely misses you.
You hit the worm but do no damage. You hit the worm. The worm bites you!
You take 10 damage, and have 19/29 hp.
MASSIVE DAMAGE!!
You sock the worm!
You kill the worm!
Autoeating chunks.
Eating a chunk of flesh {@w0}.
This raw flesh tastes great!
You continue eating. x2
You regained 3 hp, and now have 22/29 hp.
You start resting.
Health restored: 29 You may need something to eat soon, looking for food.
Can't find anything matching that.
Sorry, you're not good enough to have a special ability.
A hobgoblin comes into view.
The hobgoblin shouts!
A hobgoblin is nearby!
A hobgoblin is nearby!
A hobgoblin is nearby!
You sock the hobgoblin!
You kill the hobgoblin!
Your Staves skill increases to level 4!
No target in view!
No target in view!
You may need something to eat soon, looking for food.
Can't find anything matching that.
Sorry, you're not good enough to have a special ability.
i - 53 stones (gained 1)
An adder comes into view.
An adder is nearby!
An adder is nearby!
An adder is nearby!
An adder comes into view.
The adder moves out of view.
The adder bites you.
You take 1 damage, and have 28/29 hp.
You hit the adder. The adder closely misses you. The adder bites you.
You take 5 damage, and have 23/29 hp.
You closely miss the adder. The adder bites you.
You take 2 damage, and have 21/29 hp.
You hit the adder. The adder barely misses you. The adder bites you.
You take 4 damage, and have 17/29 hp.
You are too injured to fight recklessly!
You are too injured to fight recklessly!
You are too injured to fight recklessly!
The adder bites you.
You take 3 damage, and have 14/29 hp.
You closely miss the adder. The adder barely misses you.
You sock the adder! The adder bites you.
You take 3 damage, and have 11/29 hp.
You hit the adder.
You kill the adder!
The adder bites you.
* * * LOW HITPOINT WARNING * * *
You take 4 damage, and have 7/29 hp.
You closely miss the adder. The adder barely misses you.
You barely miss the adder. The adder closely misses you.
You hit the adder but do no damage. The adder barely misses you.
The adder closely misses you.
You closely miss the adder. The adder closely misses you.
You closely miss the adder. The adder completely misses you.
The adder bites you.
* * * LOW HITPOINT WARNING * * *
You take 2 damage, and have 5/29 hp.
You hit the adder. The adder bites you.
You die...

. ####.....#.##.#
#.....#.##.#
#.....#.##.###..
##########........#......
..........................
####....####..##.#...#..#
#....# #..##.##.....#
#.....#S####..##.##.###.#
#.....#.@.##..##.##.# #
.....#?.###.##..##.##.#
.....#... .##..##.##.# .#.
###. .##..##.##.# # .
..#..##.# . .# #. ..# . .#
.#


You could see an adder.

Vanquished Creatures
  An adder (D:2)
  A worm (D:2)
  3 oozes (D:1)
  4 bats (D:1)
  3 giant cockroaches (D:1)
  2 goblins
  2 hobgoblins
  3 kobolds
  2 giant newts (D:1)
  9 rats
30 creatures vanquished.

Notes
Turn   | Place    | Note
--------------------------------------------------------------
     0 | D:1      | hhkb, the Ghoul Gladiator, began the quest for the Orb.
     0 | D:1      | Reached XP level 1. HP: 17/17 MP: 0/0
    46 | D:1      | Reached skill level 3 in Staves
   192 | D:1      | Reached XP level 2. HP: 19/24 MP: 1/1
   590 | D:1      | Reached XP level 3. HP: 29/29 MP: 2/2
   965 | D:2      | Reached skill level 4 in Staves
   983 | D:2      | HP: 7/29 [adder (4)]
   988 | D:2      | HP: 5/29 [adder (2)]
   989 | D:2      | Slain by an adder

Action                   || total
-------------------------++-------
Melee: Quarterstaff      ||   120
Throw: Stone             ||     5
  Use: Scroll            ||     3
  Eat: Chunk             ||     5

Vault maps used:
D:1:      scummos_arrival_simple_fountains
D:2:      serial_bayou, serial_bayou_pond_a, serial_bayou_lagoon_b,
          serial_bayou_pond_e, serial_bayou_shore_b, serial_bayou_pond_d,
          minmay_gold_behind_fungi, hangedman_decor_points

Table legend:
 A = Turns spent in this place as a percentage of turns spent in the entire game.
 B = Non-inter-level travel turns spent in this place as a percentage of non-inter-level travel turns spent in the entire game.
 C = Inter-level travel turns spent in this place as a percentage of turns spent in this place.
 D = Turns resting spent in this place as a percentage of non-inter-level travel turns spent in this place.
 E = Turns spent auto-exploring this place as a percentage of non-inter-level travel turns spent in this place.
 F = Non-inter-level travel turns spent in this place divided by the number of levels of this place that you've seen.
                   A       B       C       D       E      F
               +-------+-------+-------+-------+-------+----------------------
         Total | 100.0 | 100.0 |   2.0 |   1.4 |   6.4 | 296.0
       Dungeon | 100.0 | 100.0 |   2.0 |   1.4 |   6.4 | 296.0
               +-------+-------+-------+-------+-------+----------------------

Table legend:
 A = Kills in this place as a percentage of kills in entire the game.
 B = Kills by you in this place as a percentage of kills by you in the entire game.
 C = Kills by friends in this place as a percentage of kills by friends in the entire game.
 D = Other kills in this place as a percentage of other kills in the entire game.
 E = Experience gained in this place as a percentage of experience gained in the entire game.
 F = Experience gained in this place divided by the number of levels of this place that you have seen.
                   A       B       C       D       E      F
               +-------+-------+-------+-------+-------+----------------------
         Total | 100.0 | 100.0 |  -nan |  -nan | 100.0 |  34.0
       Dungeon | 100.0 | 100.0 |  -nan |  -nan | 100.0 |  34.0
               +-------+-------+-------+-------+-------+----------------------
